 Dungeon Crawl Stone Soup version 0.31.0-32-g396128a36d (webtiles) character file.

Game seed: 8637682862120677034

1592 tizbic2 the Shooter (level 9, 0/71 HPs)
             Began as a Formicid Fighter on Mar 27, 2024.
             Succumbed to a water moccasin's poison
             ... on level 7 of the Dungeon.
             The game lasted 00:18:04 (4885 turns).

tizbic2 the Shooter (Formicid Fighter)              Turns: 4885, Time: 00:18:04

Health: 0/71       AC: 13    Str: 21    XL:     9   Next: 15%
Magic:  13/13      EV:  5    Int:  8    God:
Gold:   379        SH:  5    Dex: 17    Spells: 8/8 levels left

rFire   . . .        e - +1 spear (vamp)
rCold   . . .        c - +0 buckler
rNeg    . . .        b - +0 plate armour
rPois   .            (helmet unavailable)
rElec   .            I - +0 cloak
rCorr   .            h - +0 pair of gloves
SInv    +            (no boots)
Will    .....        o - amulet of the acrobat Stlth
                     (no ring)
HPRegen 0.31/turn    (no ring)
MPRegen 0.13/turn

%: acrobat
@: lethally poisoned (0 -> -21), invisible
A: permanent stasis, dig shafts and tunnels, antennae 3, four strong arms,
talons 1, inability to read after injury 1
a: Dig, Shaft Self


You were on level 7 of the Dungeon.
You visited 1 branch of the dungeon, and saw 7 of its levels.

You collected 379 gold pieces.

Inventory:

Hand Weapons
 a - a +3 war axe of venom
 e - a +1 vampiric spear (weapon)
 u - a +0 sling
Missiles
 i - 2 javelins
 D - 2 boomerangs
 E - a throwing net
Armour
 b - a +0 plate armour (worn)
 c - a +0 buckler (worn)
 h - a +0 pair of gloves (worn)
 n - a +0 pair of boots
 B - a +1 chain mail of fire resistance
 I - a +0 cloak (worn)
Jewellery
 o - an amulet of the acrobat (around neck)
 y - a ring of magical power
Wands
 t - a wand of paralysis (25)
 z - a wand of mindburst (11)
 F - a wand of flame (26)
Scrolls
 g - 2 scrolls of teleportation
 l - a scroll of immolation {unknown}
 p - a scroll of noise {unknown}
 q - 3 scrolls of fear
 s - 2 scrolls of enchant weapon
 v - 2 scrolls of summoning {unknown}
 w - 2 scrolls of amnesia
 H - a scroll of torment {unknown}
 K - a scroll of revelation {unknown}
Potions
 d - 3 potions of might
 f - a potion of degeneration
 j - 2 potions of lignification
 k - 2 potions of cancellation
 m - a potion of enlightenment {unknown}
 r - 3 potions of haste
 x - 2 potions of attraction
 J - a potion of resistance


   Skills:
 + Level 6.8 Fighting
 - Level 2.0 Axes
 * Level 7.6 Ranged Weapons
 - Level 3.2 Armour
 - Level 4.0 Shields
 + Level 6.3 Invocations


You had 8 spell levels left.
You didn't know any spells.
Your spell library contained the following spells:

 Spells                   Type           Power      Damage    Failure   Level
 Apportation              Tloc           0%         N/A       100%        1
 Necrotise                Necr           0%         1d4       100%        1
 Sting                    Conj/Alch      0%         1d3       100%        1
 Summon Small Mammal      Summ           0%         N/A       100%        1
 Mercury Vapours          Alch/Air       0%         N/A       100%        2
 Mephitic Cloud           Conj/Alch/Air  0%         N/A       100%        3
 Leda's Liquefaction      Alch/Erth      0%         N/A       100%        4
 Freezing Cloud           Conj/Ice/Air   0%         6-21      100%        5
 Lee's Rapid Deconstruct  Erth           0%         3d4*      100%        5
 Bombard                  Conj/Erth      0%         9d1       100%        6
 Sculpt Simulacrum        Ice/Alch       0%         N/A       100%        6
 Ozocubu's Refrigeration  Ice            0%         4d7       100%        7
 Polar Vortex             Ice            0%         N/A       100%        9


Dungeon Overview and Level Annotations

Branches:
Dungeon (7/15)             Temple (0/1) D:5

Altars:
Cheibriados
Makhleb

Shops:
D:1 !


Innate Abilities, Weirdness & Mutations

You cannot be hasted, slowed, berserked, paralysed or teleported.
You can dig through walls and to a lower floor.
You have a pair of large antennae on your head. (SInv)
Your four strong arms can wield two-handed weapons with a shield.
You have sharp toenails.
You occasionally lose the ability to read scrolls when taking damage.


Message History

The water moccasin is moderately wounded.
You feel very sick.
The water moccasin bites you but does no damage.
The water moccasin bites you.
You are more poisoned.
The water moccasin poisons you!
It was a potion of invisibility.
You fade into invisibility!
You feel very sick.
The water moccasin barely misses you. x2
You hit the water moccasin but do no damage.
The water moccasin is poisoned.
Your kick misses the water moccasin.
The water moccasin is lightly wounded.
* * * LOW HITPOINT WARNING * * *
You feel extremely sick.
The water moccasin bites you but does no damage.
The water moccasin closely misses you.
You miss the water moccasin. You claw the water moccasin.
The water moccasin is heavily wounded.
* * * LOW HITPOINT WARNING * * *
You feel very sick.
The water moccasin bites you but does no damage.
The water moccasin bites you.
* * * LOW HITPOINT WARNING * * *
Your +3 war axe of venom stops dripping with poison.
You feel a sense of dread.
e - a +1 vampiric spear (weapon)
* * * LOW HITPOINT WARNING * * *
You feel sick.
You closely miss the water moccasin. You claw the water moccasin.
The water moccasin is heavily wounded.
* * * LOW HITPOINT WARNING * * *
You feel very sick. The water moccasin closely misses you.
The water moccasin bites you.
* * * LOW HITPOINT WARNING * * *
You are more poisoned.
The water moccasin poisons you!
You hit the water moccasin. You claw the water moccasin.
The water moccasin is almost dead.
You die...

#....# #.....
#...>## #.....
....# ...## .###.#
# #S..# ...#.#.
#.#@.###......
#.#.....#....
#....##.#..#
#######..##....#
#......[%.#....#
#.......#......+
#.......###....# #
#..............##.#
#...........<..†..#


You could see a water moccasin (unable to see you, very poisoned).

Vanquished Creatures
  Sigmund (D:5)
  A steam dragon (D:7)
  2 water moccasins (D:6)
  An ice beast (D:6)
  2 black bears
  A phantom (D:4)
  2 scorpions (D:5)
  An orc priest (D:5)
  3 hounds
  4 sleepcaps
  2 iguanas (D:6)
  Ijyb (D:3)
  4 orc wizards
  6 adders
  2 orc zombies (D:5)
  2 white imps
  6 ufetubi (D:6)
  5 ribbon worms
  4 dart slugs
  15 orcs
  2 endoplasms
  5 giant cockroaches
  7 goblins
  5 hobgoblins
  9 jackals
  4 kobolds
  2 quokkas
  8 ball pythons
  9 bats
  5 frilled lizards (D:2)
  2 rats (D:1)
123 creatures vanquished.

Notes
Turn   | Place    | Note
-------+----------+-------------------------------------------
     0 | D:1      | tizbic2 the Formicid Fighter began the quest for the Orb.
     0 | D:1      | Reached XP level 1. HP: 18/18 MP: 1/1
   132 | D:1      | Reached skill level 1 in Ranged Weapons
   132 | D:1      | Reached XP level 2. HP: 20/24 MP: 2/2
   249 | D:1      | Found Ufyrief's Distillery.
   399 | D:1      | Reached skill level 1 in Invocations
   458 | D:1      | Reached XP level 3. HP: 29/29 MP: 3/3
   776 | D:2      | Reached skill level 2 in Ranged Weapons
   824 | D:2      | Reached XP level 4. HP: 36/37 MP: 5/5
   853 | D:2      | Found a faded altar of an unknown god.
  1185 | D:3      | Noticed Ijyb
  1199 | D:3      | Killed Ijyb
  1235 | D:3      | Reached XP level 5. HP: 41/42 MP: 6/6
  1328 | D:3      | Reached skill level 3 in Ranged Weapons
  2029 | D:4      | Noticed a phantom
  2039 | D:4      | Killed a phantom
  2040 | D:4      | Reached skill level 4 in Ranged Weapons
  2040 | D:4      | Reached XP level 6. HP: 40/49 MP: 8/8
  2193 | D:4      | Found a snail-covered altar of Cheibriados.
  2193 | D:4      | Found a burning altar of Makhleb.
  2504 | D:5      | Entered Level 5 of the Dungeon
  2524 | D:5      | Reached XP level 7. HP: 11/55 MP: 9/9
  2525 | D:5      | Reached skill level 5 in Fighting
  2790 | D:5      | Reached skill level 5 in Ranged Weapons
  3012 | D:5      | Gained mutation: Armour fits poorly on your strangely
                  | shaped body. [potion of mutation]
  3012 | D:5      | Gained mutation: You are partially covered in iridescent
                  | scales. (AC +2) [potion of mutation]
  3012 | D:5      | Gained mutation: You have large cloven feet. [potion of
                  | mutation]
  3013 | D:5      | Lost mutation: You have large cloven feet. [potion of
                  | mutation]
  3013 | D:5      | Lost mutation: You are partially covered in iridescent
                  | scales. (AC +2) [potion of mutation]
  3013 | D:5      | Gained mutation: Your health recovers twice as slowly from
                  | being drained. [potion of mutation]
  3013 | D:5      | Gained mutation: You have sharp toenails. [potion of
                  | mutation]
  3014 | D:5      | Lost mutation: Armour fits poorly on your strangely shaped
                  | body. [potion of mutation]
  3014 | D:5      | Lost mutation: Your health recovers twice as slowly from
                  | being drained. [potion of mutation]
  3014 | D:5      | Lost mutation: You have sharp toenails. [potion of
                  | mutation]
  3014 | D:5      | Gained mutation: You occasionally lose the ability to read
                  | scrolls when taking damage. [potion of mutation]
  3014 | D:5      | Gained mutation: You have sharp toenails. [potion of
                  | mutation]
  3027 | D:5      | Found a transporter.
  3040 | D:5      | Noticed Sigmund
  3046 | D:5      | Killed Sigmund
  3090 | D:5      | Found a transporter.
  3133 | D:5      | Reached XP level 8. HP: 63/63 MP: 11/11
  3152 | D:5      | Reached skill level 6 in Ranged Weapons
  3695 | D:5      | Found a staircase to the Ecumenical Temple.
  3776 | D:6      | Reached skill level 5 in Invocations
  3864 | D:6      | HP: 3/64 [poisoned by a water moccasin]
  3869 | D:6      | HP: 2/96 [poisoned by a water moccasin]
  4301 | D:6      | Reached skill level 7 in Ranged Weapons
  4318 | D:6      | Reached XP level 9. HP: 14/71 MP: 13/13
  4885 | D:7      | Succumbed to a water moccasin's poison

Illustrated notes

Levels and vault maps discovered:
D:1:      dreamdust_arrival_beginning_and_end, layout_loops_ring, serial_shops,
          nicolae_shop_industrial_runoff
D:2:      layout_loops_ring, chequers_ecumenical_altar_simple, chequers_garden,
          minmay_misc_feat_enclosed, minmay_parallelograms, minmay_lizard_pond
D:3:      layout_loops_ring, grunt_ministairs_8, moated_statue, uniq_ijyb
D:4:      layout_basic, mainiacjoe_overflow_catch_the_wave, eino_tiny_chamber
D:5:      gammafunk_cloud_chamber, layout_cave_pools,
          minmay_temple_entry_gardened_gates, uniq_sigmund
D:6:      layout_basic
D:7:      layout_basic

Skill      XL: |  1  2  3  4  5  6  7  8 |
---------------+-------------------------+-----
Ranged Weapons | 1 2 4 5 7 |  7.6
Invocations    | 1 2 3 4 6 |  6.3
Fighting       | 4 5 6 |  6.8
Axes           | |  2.0
Armour         | |  3.2
Shields        | |  4.0

Action                     |  1- 3 |  4- 6 |  7- 9 || total
---------------------------+-------+-------+-------++-------
  Melee: War axe           |   114 |   148 |   130 ||   392
         Kick              |       |       |    45 ||    45
         Spear             |       |       |    44 ||    44
   Fire: Sling             |       |     9 |       ||     9
    Use: Scroll            |       |     1 |    10 ||    11
         Potion            |       |       |     9 ||     9
 Armour: Scale mail        |    87 |    71 |       ||   158
         Chain mail        |       |    94 |    65 ||   159
         Plate armour      |       |       |   219 ||   219
  Dodge: Dodged            |    63 |    86 |   115 ||   264
  Block: Buckler           |    26 |    46 |    74 ||   146
